 Dungeon Crawl Stone Soup version 0.31.0-9-g3a7656b989 (webtiles) character file.

Game seed: 5437031076673361460

37 qw the Shooter (level 3, -5/20 HPs)
             Began as a Deep Elf Hunter on Feb 2, 2024.
             Slain by Sigmund
             ... wielding a +3 scythe of venom
              (7 damage)
             ... on level 2 of the Dungeon.
             The game lasted 00:00:05 (920 turns).

qw the Shooter (Deep Elf Hunter)                     Turns: 920, Time: 00:00:05

Health: -5/20      AC:  8    Str: 10    XL:     3   Next: 21%
Magic:  5/5        EV: 11    Int: 13    God:
Gold:   49         SH:  0    Dex: 18    Spells: 2/2 levels left

rFire   . . .        a - +0 shortbow
rCold   . . .        (shield currently unavailable)
rNeg    . . .        f - +0 ring mail
rPois   .            (no helmet)
rElec   .            (no cloak)
rCorr   .            g - +1 pair of gloves
SInv    .            i - +0 pair of boots
Will    .....        (no amulet)
Stlth   +            (no ring)
HPRegen 0.23/turn    (no ring)
MPRegen 0.09/turn

%: no passive effects
@: lethally poisoned (-5 -> -17)
A: no striking features
a: no special abilities


You were on level 2 of the Dungeon.
You visited 1 branch of the dungeon, and saw 2 of its levels.

You collected 49 gold pieces.


   Skills:
 - Level 1.5 Fighting
 + Level 6.8 Ranged Weapons
 - Level 2.4 Dodging
 - Level 1.2 Stealth


You had 2 spell levels left.
You didn't know any spells.
Your spell library was empty.

Inventory:

Hand Weapons
 a - a +0 shortbow (weapon)
Armour
 f - a +0 ring mail (worn)
 g - a +1 pair of gloves (worn)
 i - a +0 pair of boots (worn)
Jewellery
 j - a ring of fire
Potions
 e - a potion of resistance {unknown}

Dungeon Overview and Level Annotations

Branches:
Dungeon (2/15)

Altars:

Annotations:
D:2 Sigmund


Message History

You are no longer poisoned.
HP restored.
You climb downwards.
Level annotation: Sigmund Sigmund says, "Now you see me, now you don't..."
There is a stone staircase leading up here.
You shoot an arrow. The arrow closely misses Sigmund.
You shoot an arrow.
The arrow hits Sigmund but does no damage.
Sigmund hits you from afar with a +3 scythe of venom.
You are poisoned.
862 ||| STAIRDANCE You feel sick.
Sigmund barely misses you.
You climb upwards.
You feel sick.
There is a stone staircase leading down, spattered with blood here.
You start resting.
You feel sick. x5
You are no longer poisoned.
HP restored.
You climb downwards.
Level annotation: Sigmund Sigmund mumbles some strange words.
Sigmund flickers and vanishes!
Deactivating autopickup; reactivate with Ctrl-A.
There is a stone staircase leading up here.
You shoot an arrow. You shoot an arrow. You shoot an arrow.
You hear some strange, mumbled words.
Something tries to affect you, but you resist.
You shoot an arrow. Something hits you!
You are poisoned.
You shoot an arrow.
You feel sick. Something hits you.
You are lethally poisoned!
You shoot an arrow.
You feel very sick. Something hits you!
You die...

# ### .. #. #.#
#.# #.# ... ...
..# #[# #.#
#..!.....
##{#.#.#.#.#
#....%......
#@#
...............
....#.#.#.#.#.#
.. .........
..# #.# #.#
.... ... ...
... #.# #.# ..
... ..


There were no monsters in sight!

Vanquished Creatures
  3 bats (D:1)
  4 endoplasms (D:1)
  2 giant cockroaches (D:1)
  3 goblins (D:1)
  4 hobgoblins (D:1)
  4 jackals (D:1)
  A quokka (D:1)
  6 ball pythons
  2 frilled lizards (D:1)
  A kobold (D:1)
  2 rats (D:1)
32 creatures vanquished.

Notes
Turn   | Place    | Note
-------+----------+-------------------------------------------
     0 | D:1      | qw the Deep Elf Hunter began the quest for the Orb.
     0 | D:1      | Reached XP level 1. HP: 12/12 MP: 3/3
     0 | D:1      | 0 ||| qw: Version: 0.3-a-155-g5e7d8dd
     0 | D:1      | 0 ||| qw: Game counter: 2079
     0 | D:1      | 0 ||| qw: Melee chars always use a shield: true
     0 | D:1      | 0 ||| qw: God list: Okawaru
     0 | D:1      | 0 ||| qw: Allow faded altars: false
     0 | D:1      | 0 ||| qw: Do Orc after clearing Dungeon:15 true
     0 | D:1      | 0 ||| qw: Do second Lair branch before Depths: true
     0 | D:1      | 0 ||| qw: Lair rune preference: random
     0 | D:1      | 0 ||| qw: Goals: Normal
     0 | D:1      | 0 ||| PLANNING D:1-11
    41 | D:1      | 41 ||| RETREEEEATING.
    42 | D:1      | 42 ||| RETREEEEATING.
    43 | D:1      | 43 ||| RETREEEEATING.
    44 | D:1      | 44 ||| RETREEEEATING.
    45 | D:1      | 45 ||| RETREEEEATING.
    46 | D:1      | 46 ||| RETREEEEATING.
    47 | D:1      | 47 ||| RETREEEEATING.
    59 | D:1      | Reached XP level 2. HP: 11/16 MP: 4/4
    64 | D:1      | Reached skill level 6 in Ranged Weapons
   113 | D:1      | Found a faded altar of an unknown god.
   453 | D:1      | 453 ||| UPGRADING to +0 ring mail.
   463 | D:1      | 463 ||| DROPPING +0 leather armour.
   464 | D:1      | 464 ||| UPGRADING to +1 pair of gloves.
   469 | D:1      | 469 ||| UPGRADING to +0 pair of boots.
   474 | D:1      | 474 ||| READING scroll labelled VARCHA YTIUREU.
   575 | D:1      | 575 ||| READING scroll labelled NUNLAO PONA.
   576 | D:1      | 576 ||| DROPPING scroll of butterflies.
   590 | D:2      | 590 ||| STAIRDANCE
   599 | D:1      | HP: 4/16 [hobgoblin (3)]
   601 | D:1      | Reached XP level 3. HP: 5/20 MP: 5/5
   670 | D:2      | 670 ||| STAIRDANCE
   737 | D:2      | Noticed Sigmund
   738 | D:2      | 738 ||| STAIRDANCE
   748 | D:2      | 748 ||| STAIRDANCE
   805 | D:2      | 805 ||| STAIRDANCE
   862 | D:2      | 862 ||| STAIRDANCE
   920 | D:2      | HP: 2/20 [poisoned by Sigmund]
   920 | D:2      | Slain by Sigmund

Levels and vault maps discovered:
D:1:      beargit_arrival_greenhouse, layout_basic, basic_ecumenical_altar
D:2:      layout_basic, basic_altar, st_stairs_11, minmay_misc_feat_five,
          uniq_sigmund, uniq_terence

Skill      XL: |  1  2 |
---------------+-------+-----
Ranged Weapons | 6 |  6.8
Fighting       | |  1.5
Dodging        | |  2.4
Stealth        | |  1.2

Action                     || total
---------------------------++-------
   Fire: Shortbow          ||    99
    Use: Scroll            ||     2
 Armour: Leather armour    ||    23
         Ring mail         ||    30
  Dodge: Dodged            ||    54

Table legend:
 A = Non-vault XP
 B = Vault XP
 C = Vault XP percentage of total XP
 D = Non-vault monster count
 E = Vault monster count
 F = Vault count percentage of total count
                 A         B        C        D         E       F
            +---------+---------+-------+---------+---------+-------
      Total |      47 |       6 |  11.3 |      29 |       3 |   9.4
            +---------+---------+-------+---------+---------+-------
        D:1 |      44 |       6 |  12.0 |      27 |       3 |  10.0
        D:2 |       3 |       0 |   0.0 |       2 |       0 |   0.0
            +---------+---------+-------+---------+---------+-------
